 Dungeon Crawl Stone Soup version 0.31.0-11-ge490571c62 (webtiles) character file.

Game seed: 9979019882159868492

114 qw the Shooter (level 4, -6/23 HPs)
             Began as a Spriggan Hunter on Feb 3, 2024.
             Mangled by a gnoll
             ... wielding a +1 heavy flail
              (17 damage)
             ... on level 3 of the Dungeon.
             The game lasted 00:00:09 (2272 turns).

qw the Shooter (Spriggan Hunter)                    Turns: 2272, Time: 00:00:10

Health: -6/23      AC:  2    Str:  7    XL:     4   Next: 67%
Magic:  5/5        EV: 20    Int: 10    God:
Gold:   134        SH:  0    Dex: 20    Spells: 3/3 levels left

rFire   . . .        a - +0 shortbow
rCold   + . .        (shield currently unavailable)
rNeg    . . .        c - +0 robe
rPois   .            (helmet restricted)
rElec   .            (no cloak)
rCorr   .            (gloves unavailable)
SInv    +            (boots unavailable)
Will    .....        (no amulet)
Stlth   ++           i - ring of protection from cold
HPRegen 0.23/turn    (no ring)
MPRegen 0.09/turn

%: no passive effects
@: very quick
A: very small, no large weapons, unfitting armour, see invisible, speed 3
a: no special abilities


You were on level 3 of the Dungeon.
You visited 1 branch of the dungeon, and saw 4 of its levels.

You collected 134 gold pieces.


Innate Abilities, Weirdness & Mutations

You are very small and have problems with some larger weapons.
You are too small for most types of armour.
You have supernaturally acute eyesight. (SInv)
You cover ground extremely quickly. (Speed+++)


   Skills:
 + Level 1.9 Fighting
 - Level 5.0 Ranged Weapons
 - Level 5.0 Dodging
 - Level 1.5 Stealth


You had 3 spell levels left.
You didn't know any spells.
Your spell library was empty.

Inventory:

Hand Weapons
 a - a +0 shortbow (weapon)
Armour
 c - a +0 robe (worn)
Jewellery
 i - a ring of protection from cold (left hand)
Potions
 d - a potion of resistance
 e - a potion of enlightenment
 f - a potion of might
 j - a potion of curing

Dungeon Overview and Level Annotations

Branches:
Dungeon (4/15)
 Temple: D:4-7

Altars:

Annotations:
D:3 3 runed translucent doors, qw's ghost, amateur SpHu


Message History

The arrow hits the gnoll but does no damage.
The gnoll is almost dead.
The gnoll closely misses you.
You shoot an arrow. The arrow barely misses the gnoll.
The gnoll misses you.
You shoot an arrow. The arrow hits the gnoll!
You kill the gnoll!
You climb downwards.
The gnoll shouts!
There is a stone staircase leading up here.
You shoot an arrow.
The arrow hits the gnoll but does no damage.
The gnoll completely misses you.
You shoot an arrow.
The arrow hits the gnoll but does no damage.
The gnoll barely misses you. x2
You shoot an arrow. The arrow closely misses the gnoll.
The gnoll hits you from afar with a +0 spear!
2232 ||| STAIRDANCE The gnoll closely misses you.
You climb upwards.
Level annotation: 3 runed translucent doors, qw's ghost, amateur SpHu
There is a stone staircase leading down here.
You start resting.
HP restored.
You climb downwards.
The gnoll hits you with a +0 flail.
The gnoll hits you with a +1 heavy flail.
There is a stone staircase leading up here.
2269 ||| STAIRDANCE The gnoll completely misses you. x2
You climb upwards.
Level annotation: 3 runed translucent doors, qw's ghost, amateur SpHu
There is a stone staircase leading down here.
You shoot an arrow. The arrow barely misses the gnoll.
The gnoll hits you with a +0 flail.
You shoot an arrow. The arrow barely misses the gnoll.
The gnoll misses you.
The gnoll hits you with a +1 heavy flail!
Ouch! That really hurt!
You die...

..###############.#
############.
#########
#.###............
..).....#
######.##.<.#######...
#######.#
#...........# #.#. ##
#.# #.####.##...# #.#.
.# #.# #.# #.######
#.#. .# #.# #.# #.#
#... .#
###%####.####g# ###.
.# #...........@g# #.
.# #.#......###### ##
.####<######## ......#
#######


You could see 2 gnolls.

Vanquished Creatures
  A gnoll (D:3)
  2 adders (D:3)
  3 dart slugs
  A ribbon worm (D:3)
  5 orcs (D:3)
  8 ball pythons
  An endoplasm (D:1)
  3 giant cockroaches
  8 goblins (D:2)
  11 hobgoblins
  2 jackals (D:1)
  9 kobolds
  3 quokkas (D:1)
  5 bats
  4 frilled lizards
  2 rats (D:2)
68 creatures vanquished.

Notes
Turn   | Place    | Note
-------+----------+-------------------------------------------
     0 | D:1      | qw the Spriggan Hunter began the quest for the Orb.
     0 | D:1      | Reached XP level 1. HP: 10/10 MP: 2/2
     0 | D:1      | 0 ||| qw: Version: 0.3-a-157-g843a77d
     0 | D:1      | 0 ||| qw: Game counter: 3830
     0 | D:1      | 0 ||| qw: Melee chars always use a shield: true
     0 | D:1      | 0 ||| qw: God list: Okawaru
     0 | D:1      | 0 ||| qw: Allow faded altars: false
     0 | D:1      | 0 ||| qw: Do Orc after clearing Dungeon:15 true
     0 | D:1      | 0 ||| qw: Do second Lair branch before Depths: true
     0 | D:1      | 0 ||| qw: Lair rune preference: random
     0 | D:1      | 0 ||| qw: Goals: Normal
     0 | D:1      | 0 ||| PLANNING D:1-11
    60 | D:1      | Reached skill level 3 in Dodging
   158 | D:1      | Reached XP level 2. HP: 14/14 MP: 3/3
   759 | D:1      | 759 ||| READING scroll labelled JYXIUH BEEL.
   760 | D:1      | 760 ||| DROPPING scroll of butterflies.
   826 | D:2      | Reached XP level 3. HP: 18/18 MP: 4/4
  1099 | D:2      | Found a faded altar of an unknown god.
  1172 | D:2      | HP: 3/18 [hobgoblin (2)]
  1174 | D:2      | HP: 1/18 [hobgoblin (3)]
  1425 | D:2      | 1425 ||| UPGRADING to ring of protection from cold.
  1426 | D:2      | 1426 ||| READING 2 scrolls labelled EHAVOUSSUN.
  1426 | D:2      | 1426 ||| IDENTIFYING grey potion
  1427 | D:2      | 1427 ||| READING scroll of identify.
  1427 | D:2      | 1427 ||| IDENTIFYING pink potion
  1428 | D:2      | 1428 ||| READING scroll labelled YPTUQO TIEHAOMN.
  1429 | D:2      | 1429 ||| READING scroll labelled SUIPNOEBLI.
  1434 | D:2      | 1434 ||| READING scroll labelled XUHASS IBIZXOD.
  1435 | D:2      | 1435 ||| READING scroll labelled CISOSY XOACOD.
  1436 | D:2      | 1436 ||| DRINKING 2 dark potions.
  1437 | D:2      | 1437 ||| DROPPING potion of degeneration.
  1635 | D:3      | Reached XP level 4. HP: 22/22 MP: 5/5
  2069 | D:3      | Found a runed translucent gate.
  2069 | D:3      | Found a runed translucent gate.
  2069 | D:3      | Found a runed translucent gate.
  2072 | D:3      | Noticed qw's ghost (amateur SpHu)
  2072 | D:3      | Identified the +9 dagger "Gietrow" {flame, rElec Will+}
  2072 | D:3      | Identified the +1 leather armour "Qienn" {rC+ rCorr}
  2095 | D:3      | 2095 ||| READING 2 scrolls of identify.
  2095 | D:3      | 2095 ||| IDENTIFYING glowing puce potion
  2096 | D:3      | 2096 ||| READING scroll of identify.
  2096 | D:3      | 2096 ||| IDENTIFYING metallic brown potion
  2097 | D:3      | 2097 ||| READING scroll labelled KIR CUFUALYMOXT.
  2221 | D:4      | 2221 ||| STAIRDANCE
  2232 | D:4      | 2232 ||| STAIRDANCE
  2269 | D:4      | 2269 ||| STAIRDANCE
  2272 | D:3      | Mangled by a gnoll

Levels and vault maps discovered:
D:1:      dpeg_arrival_snail, layout_basic, hangedman_decor_diamond_cutter
D:2:      cheibrodos_greedy_goblins, layout_basic,
          shapermc_ecumenical_altar_rom_forum
D:3:      layout_loops_ring, biasface_ghost_orc_armoury
D:4:      layout_gridville

Skill      XL: |  1  2  3  4 |
---------------+-------------+-----
Dodging        | 3 4 5 |  5.0
Ranged Weapons | 5 |  5.0
Fighting       | |  1.9
Stealth        | |  1.5

Action                     |  1- 3 |  4- 6 || total
---------------------------+-------+-------++-------
   Fire: Shortbow          |   142 |    61 ||   203
    Use: Scroll            |     7 |     3 ||    10
         Potion            |     1 |       ||     1
 Armour: Robe              |    26 |    10 ||    36
  Dodge: Dodged            |    62 |    40 ||   102

Table legend:
 A = Non-vault XP
 B = Vault XP
 C = Vault XP percentage of total XP
 D = Non-vault monster count
 E = Vault monster count
 F = Vault count percentage of total count
                 A         B        C        D         E       F
            +---------+---------+-------+---------+---------+-------
      Total |     148 |      16 |   9.8 |      60 |       8 |  11.8
            +---------+---------+-------+---------+---------+-------
        D:1 |      37 |       0 |   0.0 |      18 |       0 |   0.0
        D:2 |      25 |      16 |  39.0 |      17 |       8 |  32.0
        D:3 |      86 |       0 |   0.0 |      25 |       0 |   0.0
            +---------+---------+-------+---------+---------+-------
